 Dungeon Crawl Stone Soup version 0.17-a0-2118-g63bad21 (webtiles) character file.

130 brucemayne the Chopper (level 4, -4/34 HPs)
             Began as a Demonspawn Gladiator on Oct 20, 2015.
             Slain by a gnoll
             ... wielding a +0 spear
              (6 damage)
             ... on level 4 of the Dungeon.
             The game lasted 00:03:18 (711 turns).

brucemayne the Chopper (Demonspawn Gladiator)        Turns: 711, Time: 00:03:18

Health: -4/34      AC:  9    Str: 16    XL:     4   Next: 90%
Magic:  4/4        EV: 12    Int:  9    God:
Gold:   91         SH:  2    Dex: 14    Spells: 0 memorised, 3 levels left

rFire  . . .     SeeInvis .     a - +0 war axe
rCold  . . .     Clarity  .     k - +0 ring mail
rNeg   . . .     SustAt   .     (no shield)
rPois  .         Gourm    .     c - +0 helmet
rElec  .         Spirit   .     (no cloak)
rCorr  .         Warding  .     f - +0 pair of gloves
rMut   .         Stasis   .     (no boots)
MR     .....                    (no amulet)
Stlth  +.........               (no ring)
                                (no ring)

@: not resistant to hostile enchantments, very unstealthy
A: large bone plates 1
a: no special abilities


You were on level 4 of the Dungeon.
You were not hungry.

You visited 1 branch of the dungeon, and saw 4 of its levels.

You collected 91 gold pieces.

Inventory:

Hand Weapons
 a - a +0 war axe (weapon)
Missiles
 d - 3 throwing nets (quivered)
Armour
 b - a +0 leather armour
 c - a +0 helmet (worn)
 f - a +0 pair of gloves (worn)
 k - a +0 ring mail (worn)
Scrolls
 i - a scroll of fear {unknown}
 l - 2 scrolls of teleportation {unknown}
 m - a scroll of amnesia {unknown}
 n - a scroll of enchant armour {unknown}
 o - a scroll of blinking {unknown}
Potions
 j - a potion of ambrosia {unknown}
 p - a potion of magic {unknown}
Comestibles
 e - a bread ration
 g - a slice of pizza
 h - 2 fruits
 q - 2 chunks of flesh
 r - a meat ration


   Skills:
 - Level 2.4 Fighting
 + Level 4.6 Axes
 - Level 1.8 Throwing
 - Level 3.1 Dodging


You had 3 spell levels left.
You didn't know any spells.

Dungeon Overview and Level Annotations

Branches:
Dungeon (4/15)
 Temple: D:4-7

Altars:


Innate Abilities, Weirdness & Mutations

You are partially covered in large bone plates (AC +2, SH +2).


Message History

The gnoll hits you with a spear.
* * * LOW HITPOINT WARNING * * *
You closely miss the gnoll.
The gnoll is heavily wounded.
The gnoll barely misses you.
You barely miss the gnoll.
The gnoll is heavily wounded.
The gnoll hits you with a spear!
* * * LOW HITPOINT WARNING * * *
You slash the gnoll!
You kill the gnoll!
The gnoll barely misses you.
Things that are here:
a spear; 17 stones; a gnoll corpse You butcher the gnoll corpse.
Items here: % ( ) ÷ a spear; 17 stones; 4 chunks of flesh; a gnoll skeleton There isn't anything to butcher here.
The gnoll hits you from afar with a spear.
You die...

#................#..# #
#......#....#######.####...
#.........##..÷....<.....
..../..#....###.#####.###...
.g...######.....# #.# . .#..
#...#### #.. ... ##g....##
#### .. ####.###..#### #
#####..@.# ##....#
###.....#### ####.#
#.......†..#######.#
##########.........#
###########


You could see a gnoll.

Vanquished Creatures
  Terence (D:2)
  Natasha (D:2)
  2 gnolls (D:4)
  3 adders
  An ooze (D:3)
  2 worms (D:3)
  A giant gecko (D:2)
  An orc (D:3)
  A ball python (D:2)
  3 goblins
  3 hobgoblins
  2 kobolds
  A quokka (D:2)
  6 bats
  2 giant newts (D:2)
  A jackal zombie (D:4)
  A rat (D:3)
32 creatures vanquished.

Notes
Turn   | Place    | Note
--------------------------------------------------------------
     0 | D:1      | brucemayne the Demonspawn Gladiator began the quest for the Orb.
     0 | D:1      | Reached XP level 1. HP: 16/16 MP: 1/1
   150 | D:1      | Gained mutation: You are partially covered in large bone plates (AC +2, SH +2). [demonic ancestry]
   150 | D:1      | Reached XP level 2. HP: 15/22 MP: 2/2
   187 | D:2      | Noticed Terence
   210 | D:2      | Killed Terence
   210 | D:2      | Reached skill level 3 in Axes
   210 | D:2      | Reached XP level 3. HP: 21/28 MP: 3/3
   314 | D:2      | Noticed Natasha
   322 | D:2      | Killed Natasha
   404 | D:3      | Reached XP level 4. HP: 24/34 MP: 4/4
   406 | D:3      | Reached skill level 4 in Axes
   711 | D:4      | Slain by a gnoll

Vault maps used:
D:1:      minmay_arrival_solitary_statue
D:2:      xom_butterflies, uniq_natasha, uniq_terence
D:3:      grunt_nemelex_the_gamble
D:4:      nicolae_ossuary_entry_false_entrances

Action                   |  1- 3 |  4- 6 || total
-------------------------+-------+-------++-------
Melee: War axe           |    64 |    56 ||   120
